 Dungeon Crawl Stone Soup version 0.32-a0-868-g153ae1a8d6 (webtiles) character file.

Game seed: 12820284789916555912

2746 Fodor the Cleaver (level 9, -3/78 HPs)
             Began as a Minotaur Fighter on Mar 28, 2024.
             Was an Initiate of Gozag.
             Slain by Erica
             ... wielding a +0 scimitar of flaming
              (6 damage)
             ... on level 8 of the Dungeon.
             The game lasted 00:13:08 (5838 turns).

Fodor the Cleaver (Minotaur Fighter)                Turns: 5838, Time: 00:13:09

Health: -3/78      AC: 11    Str: 24    XL:     9   Next: 41%
Magic:  8/8        EV:  0    Int:  5    God:    Gozag
Gold:   425        SH:  0    Dex: 11    Spells: 8/8 levels left

rFire   x . .        C - +4 morningstar
rCold   + . .        (no shield)
rNeg    . . .        x - +0 chain mail
rPois   .            (helmet currently unavailable)
rElec   .            (cloak currently unavailable)
rCorr   .            (gloves currently unavailable)
SInv    .            (boots currently unavailable)
Will    .....        p - amulet of regeneration Stlth
                     g - ring of ice
HPRegen 1.13/turn    (no ring)
MPRegen 0.11/turn

%: no passive effects
@: lethally poisoned (-3 -> -3), beast-form, hasted and slowed, constricted
A: beast (slay +1), horns 2, retaliatory headbutt
a: Begin Untransformation, Renounce Religion, Potion Petition, Call Merchant,
Bribe Branch


You were on level 8 of the Dungeon.
You worshipped Gozag.
Gozag was aware of your devotion.
You were a hulking beast.
You visited 2 branches of the dungeon, and saw 9 of its levels.

You collected 488 gold pieces.
You paid 63 gold pieces to Gozag.

Inventory:

Hand Weapons
 B - a +1 orcbow of flaming
 C - a +4 morningstar (weapon)
Armour
 c - a +0 buckler
 x - a +0 chain mail (worn)
Jewellery
 g - a ring of ice (left hand)
 h - an amulet of reflection
 n - a ring of fire
 p - an amulet of regeneration (around neck)
Talismans
 j - a maw talisman
 t - a beast talisman (active)
Wands
 l - a wand of flame (34)
 u - a wand of acid (8)
 w - a wand of polymorph (5)
 z - a wand of roots (19)
Scrolls
 b - a scroll of poison {unknown}
 e - 5 scrolls of teleportation {unknown}
 f - 8 scrolls of identify {unknown}
 i - a scroll of amnesia {unknown}
 k - 3 scrolls of fog {unknown}
 m - 2 scrolls of blinking {unknown}
 o - a scroll of silence {unknown}
 q - a scroll of fear {unknown}
 v - a scroll of butterflies {unknown}
 y - a scroll of revelation {unknown}
Potions
 d - a potion of might
 s - a potion of curing {unknown}
 A - a potion of ambrosia {unknown}


   Skills:
 + Level 6.4 Fighting
 + Level 10.1 Axes
 + Level 8.5 Armour
 + Level 4.1 Dodging
 + Level 1.1 Stealth
 + Level 5.2 Shields
 + Level 1.2 Unarmed Combat
 + Level 1.9 Shapeshifting


You had 8 spell levels left.
You didn't know any spells.
Your spell library contained the following spells:

 Spells                   Type           Power      Damage    Failure   Level
 Mercury Vapours          Alch/Air       0%         N/A       98%         2
 Anguish                  Hex/Necr       0%         N/A       100%        4
 Petrify                  Alch/Erth      0%         N/A       100%        4
 Summon Forest            Summ/Tloc      0%         N/A       100%        5
 Summon Mana Viper        Hex/Summ       0%         N/A       100%        5
 Summon Cactus Giant      Summ           0%         N/A       100%        6
 Infestation              Necr           0%         N/A       100%        8


Dungeon Overview and Level Annotations

Branches:
Dungeon (8/15)             Temple (1/1) D:6
   Lair: D:8-11

Altars:
Ashenzari
Cheibriados
Dithmenos
Elyvilon
Fedhas
Gozag
Hepliaklqana
Kikubaaqudgha
Makhleb
Nemelex Xobeh
Okawaru
Qazlal
Ru
Sif Muna
Trog
Uskayaw
Vehumet
Wu Jian
Xom
Yredelemnul
Zin
The Shining One

Annotations:
D:8 Erica


Innate Abilities, Weirdness & Mutations

You are a hulking beast.
Your limbs bulge with bestial killing power. (Slay +1)
You have a pair of horns on your head.
You reflexively headbutt those who attack you in melee.


Message History

You see here a +0 shortbow.
Things that are here:
a +0 war axe; a +0 robe
Found a stone staircase leading up.
Erica the Fiery-Tempered comes into view.
She is wielding a +0 scimitar of flaming.
Erica shouts!
Erica mumbles some strange words.
Erica flickers and vanishes!
Deactivating autopickup; reactivate with Ctrl-A.
You hear some strange, mumbled words.
A bolt of poison appears from out of thin air!
The bolt of poison hits you!!
You are poisoned.
You feel very sick.
You barely miss something.
You feel very sick. Something hits you! Something burns you.
Something grabs you.
You are constricted.
You miss something. Your headbutt misses something.
You feel very sick.
You hear some strange, mumbled words.
You feel yourself slow down.
You are constricted.
You miss something.
You feel very sick. Something hits you. Something burns you.
* * * LOW HITPOINT WARNING * * *
You are constricted.
* * * LOW HITPOINT WARNING * * *
Something hits you.
* * * LOW HITPOINT WARNING * * *
Something burns you.
* * * LOW HITPOINT WARNING * * *
You are constricted.
* * * LOW HITPOINT WARNING * * *
It was a potion of haste.
You feel yourself speed up.
You feel sick. Something hits you!
* * * LOW HITPOINT WARNING * * *
Something burns you.
You die...
Your body crumbles into a pile of gold.

#.#.#.....#...###.....#.......
##...#...[#....#.####...#.....
#...##...#..)..#...##..#.....
##...#.###.#....#....#..#.....
#.#.#.#...###...#.....#.#.....
#.#.#.#....#.###.#....#.#.....
##.#.#.#.....#...###...#.....[.
#...#...#....#{...#.###.#..###)
#...#...##...#h.<..# ##.. #.
#...#...#.###.#....# ## #.
#.#.#.#.#.#...###...# ..
#.#.#.#.#.#....#.###.# #.
#.#.#.#.#.#..)..#...## ..
...#...#...#.)..#....# .. .
.<.#...##)..#.....# ..
#...#.###.#....# #.#.#..
###...#


There were no monsters in sight!

Vanquished Creatures
  Eustachio (D:6)
  Duvessa (D:7)
  A water moccasin (D:7)
  A sky beast (D:7)
  2 black bears (D:6)
  3 ogres
  4 centaurs
  2 phantoms (D:5)
  2 scorpions
  7 wights (D:8)
  Dowan (D:7)
  5 killer bees (D:5)
  A howler monkey (D:4)
  A bombardier beetle (D:3)
  5 hounds
  3 jellies
  2 orc priests (D:4)
  2 iguanas (D:6)
  A sleepcap (D:6)
  2 orc wizards
  3 gnolls (D:3)
  4 adders
  A shadow imp (D:8)
  14 orcs
  5 bats
  8 endoplasms
  4 giant cockroaches
  9 goblins
  5 hobgoblins
  11 jackals
  A quokka (D:4)
  3 ball pythons
  5 frilled lizards
  7 kobolds
  3 rats
130 creatures vanquished.

Notes
Turn   | Place    | Note
-------+----------+-------------------------------------------
     0 | D:1      | Fodor the Minotaur Fighter began the quest for the Orb.
     0 | D:1      | Reached XP level 1. HP: 19/19 MP: 0/0
    84 | D:1      | Found a faded altar of an unknown god.
   269 | D:1      | Reached XP level 2. HP: 27/27 MP: 1/1
   315 | D:1      | Reached skill level 3 in Axes
   327 | D:1      | You fall into a shaft and drop 1 floor!
  1151 | D:2      | Reached XP level 3. HP: 33/33 MP: 2/2
  1975 | D:3      | Reached skill level 4 in Axes
  1975 | D:3      | Reached XP level 4. HP: 24/40 MP: 3/3
  2535 | D:3      | Reached XP level 5. HP: 34/47 MP: 4/4
  2785 | D:4      | Reached skill level 1 in Dodging
  2804 | D:4      | HP: 2/47 [orc priest/nerve-wracking pain (2)]
  2809 | D:4      | Reached skill level 5 in Axes
  2809 | D:4      | Reached skill level 5 in Armour
  2988 | D:4      | Reached XP level 6. HP: 49/53 MP: 5/5
  3380 | D:4      | Got Jethrisadd's Catalogue of the Morgue and Reformation
  3672 | D:5      | Entered Level 5 of the Dungeon
  3714 | D:5      | Reached skill level 6 in Axes
  3783 | D:5      | Reached XP level 7. HP: 56/60 MP: 6/6
  3968 | D:5      | Found a broken altar of Ashenzari.
  3971 | D:5      | Found a blossoming altar of Fedhas.
  3978 | D:5      | Reached skill level 7 in Axes
  4051 | D:5      | Reached skill level 5 in Fighting
  4051 | D:5      | Reached XP level 8. HP: 68/68 MP: 7/7
  4553 | D:6      | Noticed Eustachio
  4575 | D:6      | Killed Eustachio
  4576 | D:6      | Reached skill level 1 in Shapeshifting
  4659 | D:6      | Found a staircase to the Ecumenical Temple.
  4673 | Temple   | Entered the Ecumenical Temple
  4695 | Temple   | Became a worshipper of Gozag Ym Sagoz the Greedy
  4766 | D:6      | Reached skill level 8 in Axes
  4781 | D:6      | Found a hazy altar of Hepliaklqana.
  5050 | D:7      | Reached skill level 1 in Stealth
  5193 | D:7      | Reached skill level 1 in Unarmed Combat
  5278 | D:7      | Noticed Dowan
  5278 | D:7      | Noticed Duvessa
  5291 | D:7      | Killed Duvessa
  5292 | D:7      | Reached XP level 9. HP: 55/75 MP: 8/8
  5298 | D:7      | Killed Dowan
  5299 | D:7      | Reached skill level 9 in Axes
  5822 | D:8      | Reached skill level 10 in Axes
  5824 | D:8      | Reached skill level 5 in Shields
  5832 | D:8      | Noticed Erica
  5838 | D:8      | HP: 3/78 [something (9)]
  5838 | D:8      | Slain by Erica

Illustrated notes

Levels and vault maps discovered:
D:1:      reono_arrival_mine, layout_basic, serial_forest,
          infiniplex_forest_join, infiniplex_forest_lined_ring,
          infiniplex_forest_lined_2, infiniplex_forest_lined_3,
          infiniplex_forest_lined_room_, infiniplex_forest_clump_double,
          infiniplex_forest_lined_corner, shapermc_ecumenical_altar_gd
D:2:      layout_basic
D:3:      layout_loops_ring, item_on_display_a
D:4:      layout_basic
D:5:      nicolae_cairo_tiling_large_dashed, layout_basic,
          nicolae_overflow_squiral
D:6:      layout_cave_pools, nicolae_hepliaklqana_hazy_memory,
          minmay_temple_entry_ruins, uniq_eustachio
D:7:      layout_gridville, uniq_duvessa
D:8:      nicolae_BIG_FREAKIN_CUBE, layout_basic,
          grunt_lair_entry_orc_guard_hut, uniq_erica, uniq_grum, uniq_pikel
Temple:   nicolae_temple_bog_church

Skill      XL: |  1  2  3  4  5  6  7  8  9 |
---------------+----------------------------+-----
Axes           | 3 4 5 6 7 8 10 | 10.1
Fighting       | 4 5 6 |  6.4
Armour         | 4 5 6 7 8 |  8.5
Shields        | 4 5 |  5.2
Dodging        | 2 3 4 |  4.1
Shapeshifting  | 1 |  1.9
Stealth        | 1 |  1.1
Unarmed Combat | 1 |  1.2

Action                     |  1- 3 |  4- 6 |  7- 9 || total
---------------------------+-------+-------+-------++-------
  Melee: War axe           |    71 |    90 |   133 ||   294
         Headbutt          |     5 |    12 |    37 ||    54
         Unarmed           |       |       |    10 ||    10
         Morningstar       |       |       |    11 ||    11
    Use: Potion            |       |     2 |     1 ||     3
   Stab: Confused          |       |       |     1 ||     1
         Distracted        |       |       |     1 ||     1
 Armour: Scale mail        |    71 |    80 |    48 ||   199
         Chain mail        |       |       |    99 ||    99
         Skin              |       |       |     4 ||     4
  Dodge: Dodged            |    24 |    51 |    90 ||   165
  Block: Buckler           |    19 |    26 |    35 ||    80
   Form: Beast             |       |     1 |       ||     1

Table legend: (Time is in decaauts)
 A = Elapsed time spent in this place.
 B = Non-inter-level travel time spent in this place.
 C = Inter-level travel time spent in this place.
 D = Time resting spent in this place.
 E = Time spent auto-exploring this place.
 F = Levels seen in this place.
 G = Mean time per level.
                   A        B        C        D        E       F      G
               +--------+--------+--------+--------+--------+-----+--------+
         Total |   5909 |   5808 |    101 |    196 |   4295 |   9 |  656.6 |
       Dungeon |   5866 |   5765 |    101 |    196 |   4295 |   8 |  733.2 |
        Temple |     43 |     43 |      0 |      0 |      0 |   1 |   43.0 |
               +--------+--------+--------+--------+--------+-----+--------+

Top non-repeatable levels by time:
     D:1: 1054 daAuts
     D:4: 916 daAuts
     D:2: 907 daAuts
     D:5: 867 daAuts
     D:3: 844 daAuts
     D:7: 603 daAuts
     D:6: 476 daAuts
     D:8: 197 daAuts
  Temple: 43 daAuts
